 Dungeon Crawl Stone Soup version 0.19.0 (webtiles) character file.

127105 TheGoonsmith the Executioner (level 16, -2/231 HPs)
             Began as a Minotaur Berserker on Nov 13, 2016.
             Was the Champion of Trog.
             Slain by Arachne
             ... wielding an uncursed staff of poison
              (15 damage)
             ... on level 1 of the Spider Nest.
             The game lasted 01:13:20 (26443 turns).

TheGoonsmith the Executioner (Minotaur Berserker)  Turns: 26443, Time: 01:13:21

Health: -2/231     AC: 30    Str: 28    XL:     16   Next: 45%
Magic:  14/14      EV: 13    Int:  9    God:    Trog [******]
Gold:   554        SH:  0    Dex: 16    Spells: 0 memorised, 15 levels left

rFire  + + .     SeeInvis .     y - +5 executioner's axe (freeze)
rCold  + + .     Gourm    .     C - +3 plate armour {rF+}
rNeg   . . .     Faith    .     (shield currently unavailable)
rPois  .         Spirit   .     (helmet restricted)
rElec  +         Reflect  .     o - +2 cloak
rCorr  .         Harm     .     f - +2 pair of gloves
MR     ++++.                    A - +2 pair of boots
Stlth  ..........               u - amulet of regeneration
                                V - ring of Mysticism {rF+ Int+5}
                                q - ring of Zisaompe {rElec rC++ MR+ MP-9 Stlth+}

@: berserking, lethally poisoned (-2 -> -2), regenerating, studying Fighting,
very quick
A: retaliatory headbutt, horns 2
a: Berserk, Trog's Hand, Brothers in Arms, Burn Spellbooks, Renounce Religion


You were on level 1 of the Spider Nest.
You worshipped Trog.
Trog was exalted by your worship.
You were very hungry.

You visited 4 branches of the dungeon, and saw 25 of its levels.
You also visited: Labyrinth and Ice Cave.

You collected 2455 gold pieces.
You spent 1901 gold pieces at shops.

Inventory:

Hand Weapons
 a - a +1 battleaxe of flaming
 h - a +3 battleaxe of holy wrath
 y - a +5 executioner's axe of freezing (weapon)
Missiles
 E - a throwing net (quivered)
Armour
 f - a +2 pair of gloves (worn)
 o - a +2 cloak (worn)
 x - the +7 ring mail of the Equinox {rPois MR+ Str+2 Dex-3}
   (You found it on level 2 of the Lair of Beasts)

   It affects your strength (+2).
   It affects your dexterity (-3).
   It protects you from poison.
   It affects your resistance to hostile enchantments.
 A - a +2 pair of boots (worn)
 C - a +3 plate armour of fire resistance (worn)
Rods
 T - a +4 rod of shadows (10/10)
   (You found it in a labyrinth)
Jewellery
 q - the ring of Zisaompe (left hand) {rElec rC++ MR+ MP-9 Stlth+}
   (You bought it in a shop on level 2 of the Orcish Mines)

   [ring of stealth]

   It greatly protects you from cold.
   It insulates you from electricity.
   It affects your resistance to hostile enchantments.
   It affects your magic capacity (-9).
   It makes you more stealthy.
 u - an amulet of regeneration (around neck)
 V - the ring of Mysticism (right hand) {rF+ Int+5}
   (You found it in a labyrinth)

   [ring of protection from fire]

   It affects your intelligence (+5).
   It protects you from fire.
Wands
 g - a wand of iceblast (4/15)
 i - a wand of hasting (4/9)
 z - a wand of lightning (7/15)
 D - a wand of teleportation (8/9)
 F - a wand of iceblast (4/15)
 I - a wand of paralysis (13/24)
 K - a wand of lightning (6/15)
 Q - a wand of lightning (5/15)
 R - a wand of confusion (21/48)
 X - a wand of digging (11/24)
 Y - a wand of iceblast (13/15)
Scrolls
 b - a scroll of fear
 m - 4 scrolls of fog
 r - 5 scrolls of identify
 s - a scroll of blinking {unknown}
 t - 5 scrolls of remove curse
 v - 10 scrolls of teleportation
 G - 2 scrolls of recharging
 O - a scroll of summoning
 Z - 2 scrolls of magic mapping
Potions
 e - a potion of ambrosia
 k - 7 potions of curing
 l - 2 potions of flight
 p - 2 potions of agility
 H - a potion of invisibility
 J - a potion of haste
 S - 2 potions of resistance
Books
 L - a manual of Fighting
Comestibles
 c - 13 bread rations
 d - 3 chunks of flesh
 j - 5 beef jerkies
 n - 7 fruits


   Skills:
 + Level 16.8 Fighting
 * Level 21.5 Axes
 - Level 14.5 Armour
 - Level 8.4 Dodging
 + Level 11.0 Evocations


You had 15 spell levels left.
You didn't know any spells.

Dungeon Overview and Level Annotations

Branches:
Dungeon (15/15)            Temple (0/1) D:6            Lair (6/6) D:10
  Swamp (0/4) Lair:4       Spider (2/4) Lair:2        Slime (0/5) Lair:6
    Orc (2/2) D:9             Elf (0/3) Orc:2        Vaults (0/5) D:13
 Depths (0/5) D:15

Altars:
Ashenzari
Kikubaaqudgha
Sif Muna
Yredelemnul
Zin
The Shining One

Shops:
D:5 =   D:8 }   Orc:2 %*=(

Annotations:
Lair:2 exclusion: oklob plant
Spider:1 Arachne


Innate Abilities, Weirdness & Mutations

You reflexively headbutt those who attack you in melee.
You have a pair of horns on your head.


Message History

Your plate armour prevents you from hitting Arachne.
You headbutt Arachne!
Arachne is moderately wounded.
You slice the wolf spider!! You freeze the wolf spider!
You kill the wolf spider!
Trog accepts your kill.
You slash the wolf spider! You freeze the wolf spider.
Arachne says, "You'll find yourself a bit attached to my weave."
Arachne hits you with a staff of poison!
* * * LOW HITPOINT WARNING * * *
You are more poisoned.
The wolf spider hits you but does no damage.
The wolf spider bites you but does no damage.
You slice Arachne!! You freeze Arachne! You headbutt Arachne!!
Arachne is severely wounded.
You slice the wolf spider!! You freeze the wolf spider.
You feel sick.
The wolf spider hits you but does no damage.
The wolf spider bites you but does no damage.
Arachne hits you with a staff of poison!
You die...

###### ########## #######
≈≈≈≈≈≈≈#.......≈## #..#..
#≈≈#≈≈###...#..#H# ##...##
≈#≈≈≈≈≈....#....@# ####....^#
#≈≈#≈#≈#..^###.s†#####≈≈###...#
≈≈#≈#≈≈..#.≈≈≈>.##.#.#.≈#...###
#≈#≈≈##...#≈###.........##...#
#≈≈≈≈≈..###≈#.........###..#≈#
#.##≈≈###.#.†...#..#....#..#≈#
...##.##..##^.##.###.^.##†..##
.####......#.......###..^..##
.#.#.....###...#..#..#..>†..#


You could see Arachne and a wolf spider.

Vanquished Creatures
  A storm dragon (D:11)
  A ghost moth (Spider:2)
  A frost giant (IceCv)
  An entropy weaver (Spider:1)
  A dire elephant (D:15)
  3 ettins (D:11)
  A minotaur (Lab)
  Erolcha (D:11)
  A fire dragon (D:11)
  A yaktaur captain (D:11)
  8 hydras
  8 vault guards (D:13)
  The ghost of luneth the Basher, a journeyman MiBe of Trog (D:10)
  4 centaur warriors
  3 catoblepae (Lair:6)
  7 death yaks (Lair:6)
  2 ogre magi
  Nergalle (Orc:1)
  A fire crab (Lair:6)
  The ghost of unimpressed the Destroyer, a novice DEFE of Sif Muna (D:8)
  3 unseen horrors
  2 wizards (D:15)
  A phantasmal warrior (D:11)
  Pikel (D:5)
  An orc knight (Orc:1)
  4 hill giants
  10 ugly things
  8 wolf spiders
  3 cyclopes
  2 moths of wrath (Spider:1)
  A salamander (D:15)
  5 orb spiders
  13 elephants
  3 torpor snails
  7 black mambas
  2 gargoyles
  Psyche (D:9)
  7 komodo dragons
  2 rime drakes
  10 spiny frogs
  A yaktaur (D:11)
  A centaur skeleton (D:13)
  A kobold demonologist (D:13)
  An efreet (D:14)
  5 demonic crawlers
  A queen bee (D:8)
  18 jumping spiders
  A merfolk (D:15)
  18 polar bears (IceCv)
  7 trolls
  3 meliai (D:15)
  8 hippogriffs
  Prince Ribbit (D:9)
  8 two-headed ogres
  3 hornets
  29 blink frogs
  A slime creature (D:11)
  11 dream sheep (Lair:6)
  23 redbacks
  3 shadows
  9 tarantellas
  A wraith (D:15)
  3 wyverns
  39 yaks
  2 vampires
  2 hungry ghosts
  2 vampire mosquitoes (D:10)
  3 basilisks
  Menkaure (D:4)
  A mottled dragon (D:11)
  4 swamp worms (Lair:4)
  4 wargs
  Duvessa (D:4)
  9 water moccasins
  9 porcupines
  21 orc warriors
  A black bear (D:7)
  A sky beast (D:7)
  4 ice beasts
  5 necrophages
  2 phantoms (D:7)
  2 slaves (D:5)
  17 ogres
  20 wolves
  A boggart (D:11)
  15 centaurs
  19 crocodiles
  3 big kobolds
  2 wyvern zombies
  11 bullfrogs
  Dowan (D:4)
  A water moccasin zombie (D:11)
  3 scorpions
  A wyvern skeleton (D:9)
  25 killer bees
  8 wights
  2 electric eels
  2 howler monkeys
  8 crimson imps
  2 bullfrog zombies
  2 centaur zombies
  A bullfrog skeleton (D:8)
  14 orc wizards
  A gnoll shaman (D:4)
  13 orc priests
  3 hounds
  16 jellies
  Jessica (D:2)
  8 iguanas
  Terence (D:2)
  8 hell rats
  5 worker ants
  3 mummies (D:8)
  2 worker ant zombies
  16 adders
  4 gnolls (D:4)
  10 river rats (Lair:5)
  5 shadow imps
  12 white imps (Lair:4)
  2 adder zombies
  4 oozes
  An adder skeleton (D:5)
  3 leopard geckos
  89 orcs
  6 bats
  5 giant cockroaches
  8 goblins
  6 hobgoblins
  11 jackals
  26 kobolds
  5 quokkas
  2 ball pythons
  7 frilled lizards
  A leopard gecko skeleton (D:7)
  6 rats
  6 fungi
  3 plants
861 creatures vanquished.

Vanquished Creatures (collateral kills)
  Donald (Spider:1)
  The ghost of Aviraven the Swashbuckler, a journeyman SpAK of Lugonu (Lair:4)
  Fannar (Orc:1)
  2 hydras
  3 ogre magi (Orc:2)
  6 death yaks (Lair:6)
  A hill giant (D:10)
  A wolf spider (Spider:1)
  A jumping spider (Spider:1)
  7 two-headed ogres (Orc:2)
  A yak (Lair:6)
  2 orc warriors (Orc:1)
  An ice beast (D:10)
  7 ogres (Orc:2)
  4 orcs (Orc:1)
39 creatures vanquished.

Vanquished Creatures (others)
  18 fungi
  12 plants
30 creatures vanquished.

Grand Total: 930 creatures vanquished

Notes
Turn   | Place    | Note
-------+----------+-------------------------------------------
     0 | D:1      | TheGoonsmith the Minotaur Berserker began the quest for the Orb.
     0 | D:1      | Reached XP level 1. HP: 19/19 MP: 0/0
   342 | D:1      | Found a shattered altar of Ashenzari.
   365 | D:1      | Reached XP level 2. HP: 21/27 MP: 1/1
   574 | D:1      | Reached skill level 4 in Axes
   947 | D:2      | Reached XP level 3. HP: 16/33 MP: 2/2
  1213 | D:2      | Noticed Jessica
  1221 | D:2      | Killed Jessica
  1221 | D:2      | Reached XP level 4. HP: 23/41 MP: 3/3
  1366 | D:2      | Noticed Terence
  1372 | D:2      | Killed Terence
  1475 | D:2      | Reached ** piety under Trog
  1747 | D:3      | Reached skill level 5 in Axes
  1747 | D:3      | Reached XP level 5. HP: 47/47 MP: 4/4
  1980 | D:3      | Reached skill level 5 in Fighting
  2784 | D:4      | Found an ancient bone altar of Kikubaaqudgha.
  2804 | D:4      | Reached skill level 6 in Axes
  2804 | D:4      | Reached XP level 6. HP: 52/56 MP: 5/5
  2864 | D:4      | Noticed Dowan
  2865 | D:4      | Noticed Duvessa
  2877 | D:4      | Killed Duvessa
  2877 | D:4      | Reached skill level 7 in Axes
  2877 | D:4      | Killed Dowan
  2894 | D:4      | Reached XP level 7. HP: 61/63 MP: 6/6
  3068 | D:4      | Reached *** piety under Trog
  3392 | D:4      | Noticed Menkaure
  3397 | D:4      | Killed Menkaure
  3397 | D:4      | Reached skill level 8 in Axes
  3500 | D:5      | Entered Level 5 of the Dungeon
  3530 | D:5      | Found a glowing golden altar of the Shining One.
  3695 | D:5      | Found an ancient bone altar of Kikubaaqudgha.
  3727 | D:5      | Found Hann's Jewellery Shop.
  3876 | D:5      | Noticed Pikel
  3889 | D:5      | Killed Pikel
  3889 | D:5      | Reached skill level 10 in Axes
  3889 | D:5      | Reached XP level 8. HP: 74/74 MP: 7/7
  3949 | D:5      | Found a deep blue altar of Sif Muna.
  4251 | D:6      | Found a staircase to the Ecumenical Temple.
  4296 | D:6      | Reached skill level 11 in Axes
  4473 | D:7      | Reached XP level 9. HP: 71/82 MP: 8/8
  4901 | D:7      | Reached skill level 12 in Axes
  4973 | D:7      | Found a basalt altar of Yredelemnul.
  4992 | D:7      | Reached **** piety under Trog
  5226 | D:8      | Noticed unimpressed's ghost (novice DEFE)
  5661 | D:8      | Reached skill level 10 in Fighting
  5661 | D:8      | Reached skill level 13 in Axes
  5819 | D:8      | Found Kiaddeig's Gadget Shop.
  5847 | D:8      | Killed unimpressed's ghost
  5847 | D:8      | Reached XP level 10. HP: 84/94 MP: 9/9
  6126 | D:8      | Reached skill level 14 in Axes
  6957 | D:9      | Found a staircase to the Orcish Mines.
  6962 | D:9      | Noticed Prince Ribbit
  7203 | D:9      | Found a glowing silver altar of Zin.
  7231 | D:9      | Reached skill level 15 in Axes
  7286 | D:9      | Killed Prince Ribbit
  7286 | D:9      | Reached ***** piety under Trog
  7758 | D:9      | Noticed Psyche
  7765 | D:9      | Killed Psyche
  7769 | D:9      | Reached skill level 16 in Axes
  7965 | D:10     | Entered Level 10 of the Dungeon
  8192 | D:10     | Found a staircase to the Lair.
  8199 | D:10     | Noticed luneth's ghost (journeyman MiBe)
  8207 | D:10     | Noticed a hill giant
  8209 | D:10     | Killed luneth's ghost
  8209 | D:10     | Reached skill level 5 in Armour
  8209 | D:10     | Reached XP level 11. HP: 102/102 MP: 10/10
  8215 | D:10     | Killed a hill giant
  8469 | D:10     | Noticed a hill giant
  8476 | D:10     | Killed a hill giant
  9050 | Lair:1   | Entered Level 1 of the Lair of Beasts
 10138 | Lair:2   | Got a brightly glowing ring mail
 10139 | Lair:2   | Identified the +7 ring mail of the Equinox {rPois MR+ Str+2 Dex-3} (You found it on level 2 of the Lair of Beasts)
 10197 | Lair:2   | Noticed an eight-headed hydra
 10207 | Lair:2   | Killed an eight-headed hydra
 10370 | Lair:2   | Found a hole to the Spider Nest.
 10410 | Lair:2   | Reached skill level 5 in Dodging
 10924 | Lair:2   | Reached skill level 1 in Evocations
 11073 | Lair:2   | Noticed an oklob plant
 11338 | Lair:3   | Reached XP level 12. HP: 110/110 MP: 13/13
 11452 | Lair:3   | Noticed a four-headed hydra
 11459 | Lair:3   | Killed a four-headed hydra
 11459 | Lair:3   | Reached skill level 5 in Evocations
 12079 | Lair:4   | Found a frozen archway.
 12087 | Lair:4   | Received a gift from Trog
 12119 | IceCv    | Entered an ice cave
 13383 | IceCv    | Noticed a frost giant
 13395 | IceCv    | Killed a frost giant
 13395 | IceCv    | Reached skill level 10 in Armour
 13461 | IceCv    | Got a twisted mace
 13682 | Lair:4   | Reached XP level 13. HP: 92/116 MP: 18/18
 13716 | Lair:4   | Noticed Aviraven's ghost (journeyman SpAK)
 13735 | Lair:4   | Killed Aviraven's ghost
 14697 | Lair:4   | Found a staircase to the Swamp.
 15061 | Lair:4   | Reached skill level 17 in Axes
 16262 | Lair:6   | Entered Level 6 of the Lair of Beasts
 16275 | Lair:6   | Reached skill level 18 in Axes
 16287 | Lair:6   | Received a gift from Trog
 16307 | Lair:6   | Found a staircase to the Slime Pits.
 16924 | Lair:6   | Reached XP level 14. HP: 77/126 MP: 19/19
 18213 | Lair:6   | Reached skill level 19 in Axes
 18610 | Orc:1    | Entered Level 1 of the Orcish Mines
 18610 | Orc:1    | Noticed Nergalle
 18610 | Orc:1    | Noticed Fannar
 18619 | Orc:1    | Killed Fannar
 18630 | Orc:1    | Killed Nergalle
 19024 | Orc:2    | Entered Level 2 of the Orcish Mines
 19108 | Orc:2    | Found a staircase to the Elven Halls.
 19115 | Orc:2    | Reached ****** piety under Trog
 19265 | Orc:2    | Received a gift from Trog
 19502 | Orc:2    | Found Tuqev's Food Emporium.
 19502 | Orc:2    | Found Higoitru's Jewellery Shop.
 19507 | Orc:2    | Found Tiodemus's General Store.
 19507 | Orc:2    | Found Panajug's Weapon Shoppe.
 19549 | Orc:2    | Bought a scroll of identify for 32 gold pieces
 19758 | Orc:2    | Reached skill level 20 in Axes
 20070 | Orc:2    | Received a gift from Trog
 20237 | Orc:2    | Bought the ring of Zisaompe {rElec rC++ MR+ MP-9 Stlth+} for 873 gold pieces
 20389 | D:5      | Bought an uncursed amulet of regeneration for 420 gold pieces
 20470 | D:8      | Bought a wand of hasting (4/9) for 576 gold pieces
 20655 | D:11     | Noticed Erolcha
 20672 | D:11     | Killed Erolcha
 20821 | D:11     | Reached XP level 15. HP: 109/137 MP: 11/20
 21284 | D:11     | Noticed a storm dragon
 21295 | D:11     | Killed a storm dragon
 21593 | D:12     | Found a labyrinth entrance.
 21605 | Lab      | Entered a labyrinth
 21865 | Lab      | Got a crude platinum ring
 21873 | D:12     | Identified the ring of Mysticism {rF+ Int+5} (You found it in a labyrinth)
 21875 | D:12     | Identified a +4 rod of shadows (10/10) (You found it in a labyrinth)
 22134 | D:12     | Received a gift from Trog
 22612 | D:13     | Reached skill level 10 in Evocations
 22730 | D:13     | Found a gate to the Vaults.
 23077 | D:13     | Reached skill level 15 in Fighting
 24091 | D:15     | Entered Level 15 of the Dungeon
 24728 | D:15     | Found a staircase to the Depths.
 24767 | D:15     | Reached XP level 16. HP: 150/150 MP: 13/22
 24955 | Spider:1 | Entered Level 1 of the Spider Nest
 24982 | Spider:1 | Received a gift from Trog
 25079 | Spider:1 | Reached skill level 21 in Axes
 25662 | Spider:1 | Noticed Donald
 25671 | Spider:1 | Killed Donald
 26429 | Spider:2 | Noticed Arachne
 26443 | Spider:1 | Slain by Arachne

Skill      XL: |  1  2  3  4  5  6  7  8  9 10 11 12 13 14 15 16 |
---------------+-------------------------------------------------+-----
Fighting       | 4 5 6 7 8 10 11 12 13 15 16 | 16.8
Axes           | 4 5 6 7 10 11 13 16 18 20 21 | 21.5
Armour         | 3 5 9 11 12 14 | 14.5
Dodging        | 7 8 |  8.4
Evocations     | 3 9 10 11 | 11.0

Action                   |  1- 3 |  4- 6 |  7- 9 | 10-12 | 13-15 | 16-18 || total
-------------------------+-------+-------+-------+-------+-------+-------++-------
Melee: Hand axe          |    73 |   134 |   106 |       |       |       ||   313
       Headbutt          |     5 |    23 |    68 |   163 |   179 |    38 ||   476
       War axe           |       |       |   187 |   669 |       |       ||   856
       Battleaxe         |       |       |       |    11 |   742 |       ||   753
       Dire flail        |       |       |       |     3 |       |       ||     3
       Executioner's axe |       |       |       |       |   211 |   154 ||   365
Throw: Javelin           |       |       |       |     1 |       |       ||     1
Invok: Berserk           |       |     1 |     2 |     5 |     9 |     1 ||    18
       Trog's Hand       |       |       |     1 |     4 |     5 |     1 ||    11
       Brothers in Arms  |       |       |       |     3 |     6 |     1 ||    10
       Burn Spellbooks   |       |       |       |     2 |     4 |     1 ||     7
Evoke: Wand              |       |       |       |     5 |       |     8 ||    13
  Use: Scroll            |       |    11 |     1 |    16 |    17 |     4 ||    49
       Potion            |       |       |       |     2 |     5 |     1 ||     8
 Stab: Distracted        |       |       |       |       |     1 |       ||     1
  Eat: Chunk             |     1 |     6 |     9 |    35 |    43 |     3 ||    97
       Meat ration       |       |       |     1 |       |     1 |       ||     2
       Fruit             |       |       |       |       |     1 |       ||     1
       Royal jelly       |       |       |       |       |       |     1 ||     1
Armor: Animal skin       |    22 |       |       |       |       |       ||    22
       Chain mail        |       |    78 |    73 |       |       |       ||   151
       Plate armour      |       |       |    73 |   199 |       |    91 ||   363
       Ring mail         |       |       |       |   150 |   441 |   122 ||   713
Dodge: Dodged            |    43 |    80 |    93 |   366 |   574 |   193 ||  1349
